 Dungeon Crawl Stone Soup version 0.28.0-53-g5a82cb258f (webtiles) character file.

Game seed: 4747077133226282248

55 SethGrey the Poker (level 3, 33/33 HPs)
             Began as a Draconian Chaos Knight on July 20, 2022.
             Was a Plaything of Xom.
             Got out of the dungeon alive.
             The game lasted 00:04:06 (814 turns).

SethGrey the Poker (Draconian Chaos Knight)          Turns: 814, Time: 00:04:06

Health: 33/33      AC:  5    Str: 16    XL:     3   Next: 67%
Magic:  3/3        EV: 12    Int: 12    God:    Xom [..*...]
Gold:   62         SH:  0    Dex: 10    Spells: 2/2 levels left

rFire   . . .      SeeInvis .   a - +0 spear (chaos)
rCold   + . .      Faith    .   (no shield)
rNeg    . . .      Spirit   .   (armour unavailable)
rPois   .          Reflect  .   (helmet restricted)
rElec   .          Harm     .   (no cloak)
rCorr   .          Rampage  .   (no gloves)
Will    .....                   (no boots)
Stlth   +.........              (no amulet)
HPRegen 0.11/turn               (no ring)
MPRegen 0.08/turn               (no ring)

@: no status effects
A: AC +5, unfitting armour, cold-blooded, horns 1, cold resistance 1, wild magic
1, MP-powered wands
a: Renounce Religion


You escaped.
You worshipped Xom.
You were a toy of Xom.
You visited 1 branch of the dungeon, and saw 2 of its levels.

You collected 62 gold pieces.

Inventory:

Hand Weapons
 a - a +0 spear of chaos (weapon)
Scrolls
 b - a scroll of identify {unknown}
 c - 2 scrolls of teleportation {unknown}
 d - a scroll of blinking {unknown}
 f - a scroll of fog {unknown}
 g - a scroll of torment {unknown}
 i - a scroll of silence {unknown}
Potions
 e - a potion of attraction {unknown}
 h - a potion of berserk rage {unknown}


   Skills:
 + Level 3.9 Fighting
 + Level 4.0 Polearms
 + Level 2.4 Dodging
 + Level 0.1 Stealth


You had 2 spell levels left.
You didn't know any spells.
Your spell library contained the following spells:

 Spells                   Type           Power      Damage    Failure   Level
 Beastly Appendage        Tmut           0%         N/A       41%         1
 Wereblood                Tmut           0%         N/A       54%         2
 Gell's Gravitas          Tloc           0%         N/A       77%         3
 Lesser Beckoning         Tloc           0%         N/A       77%         3
 Spider Form              Tmut/Pois      0%         N/A       77%         3
 Teleport Other           Tloc           0%         N/A       77%         3


Dungeon Overview and Level Annotations

Branches:
Dungeon (2/15)

Altars:


Innate Abilities, Weirdness & Mutations

Your plain brown scales are hard. (AC +5)
You cannot fit into any form of body armour.
You are cold-blooded and may be slowed by cold attacks.
You have a pair of small horns on your head.
Your flesh is cold resistant. (rC+)
Your spells are a little harder to cast, but a little more powerful.
You expend magic power (3 MP) to strengthen your wands.


Message History

c - 2 scrolls labelled TUTHOPUYRO (gained 1)
Found a club.
You see here a +0 club.
You see here an adder corpse.
Things that are here:
a +0 dagger; a goblin corpse
There is an escape hatch in the ceiling here.
A mysterious force pulls you upwards. The hatch slams shut behind you.
A giant cockroach comes into view.
Found a long sword and a scroll labelled UPAFIN ZOMOR.
You hit the giant cockroach. You drain the giant cockroach.
You kill the giant cockroach!
You see here a giant cockroach corpse.
You see here a +0 long sword.
An endoplasm comes into view.
Found a stone staircase leading down.
The endoplasm quivers.
You hit the endoplasm.
The endoplasm is moderately wounded.
The endoplasm closely misses you.
You hit the endoplasm. You burn the endoplasm. You headbutt the endoplasm.
You kill the endoplasm!
i - a scroll labelled UPAFIN ZOMOR A ball python comes into view.
The ball python hisses angrily.
The ball python moves out of view.
The ball python barely misses you. The ball python grabs you.
The ball python constricts you.
The ball python bites you but does no damage.
The ball python constricts you.
You hit the ball python. You freeze the ball python.
You headbutt the ball python.
You kill the ball python!
You enter the shallow water.
Moving in this stuff is going to be slow.
There is a staircase leading out of the dungeon here.
Are you sure you want to leave the Dungeon?
This will make you lose the game! [Y]es or [N]o only, please.
Are you sure you want to leave the Dungeon?
This will make you lose the game!
You have escaped!

##### .# ## ....### ##.## ##. #.#
#....####...####.... .. #P
#.....#..≈..#.....# ..##.
#8..≈....≈....≈..8# #.#..P
##...≈..≈≈≈..≈...## #.#.P.
##.....≈≈≈≈≈≈≈.....###.#..P
#....≈≈≈≈...≈≈≈≈....##..##.
#..≈≈≈≈≈..@..≈≈≈≈≈.....#.#.
#....≈≈≈≈...≈≈≈≈....##.#..#
##.....≈≈≈≈≈≈≈.....# #.#.##
##...≈..≈≈≈..≈...## #.....
#8..≈....≈....≈..8###.#.##
########.....#..≈..#.....#.....#
...........####...####.......####
######...### ##.## ###..#####..
######.### #.# ##.# #.##


There were no monsters in sight!

Vanquished Creatures
  3 adders (D:2)
  3 dart slugs (D:1)
  3 endoplasms
  3 giant cockroaches
  2 goblins
  4 ball pythons (D:1)
  A bat (D:2)
  A frilled lizard (D:1)
  2 kobolds
  2 rats
24 creatures vanquished.

Vanquished Creatures (collateral kills)
  A rat (D:1)
1 creature vanquished.

Vanquished Creatures (others)
  2 demonic plants (D:1)
  A withered plant (D:1)
3 creatures vanquished.

Grand Total: 28 creatures vanquished

Notes
Turn   | Place    | Note
-------+----------+-------------------------------------------
     0 | D:1      | SethGrey the Draconian Chaos Knight began the quest for the
                  | Orb.
     0 | D:1      | Reached XP level 1. HP: 19/19 MP: 1/1
    22 | D:1      | Found a faded altar of an unknown god.
    38 | D:1      | XOM: potion effect (haste)
    57 | D:1      | XOM: silly message
   250 | D:1      | XOM: 3-stop teleportation journey
   258 | D:1      | Reached XP level 2. HP: 22/26 MP: 2/2
   291 | D:1      | XOM: 1-stop teleportation journey
   355 | D:1      | XOM: give mutations
   355 | D:1      | Gained mutation: Your spells are a little harder to cast,
                  | but a little more powerful. [Xom's grace]
   355 | D:1      | Gained mutation: Your flesh is cold resistant. (rC+) [Xom's
                  | grace]
   355 | D:1      | Gained mutation: You have a pair of small horns on your
                  | head. [Xom's grace]
   355 | D:1      | Gained mutation: You expend magic power (3 MP) to
                  | strengthen your wands. [Xom's grace]
   471 | D:2      | Reached XP level 3. HP: 29/33 MP: 3/3
   482 | D:2      | XOM: stat loss: -1 Str (15/16)
   540 | D:2      | XOM: cast spell 'Olgreb's Toxic Radiance'
   544 | D:2      | Reached skill level 4 in Polearms
   814 | D:$      | Got out of the dungeon alive.

Illustrated notes

Levels and vault maps discovered:
D:1:      eino_arrival_water_star, layout_loops_ring,
          shapermc_ecumenical_altar_gd
D:2:      layout_basic, basic_altar, dk_noncrumbling_3, nicolae_grassy_gnolls

Skill      XL: |  1  2  3 |
---------------+----------+-----
Polearms       | 4 |  4.0
Fighting       | |  3.9
Dodging        | |  2.4
Stealth        | |  0.1

Action                   || total
-------------------------++-------
Melee: Spear             ||    71
       Tailslap          ||     3
       Headbutt          ||     4
       Punch             ||     1
 Stab: Paralysed         ||     1
Armor: Skin              ||    16
Dodge: Dodged            ||    33
